 Dungeon Crawl Stone Soup version 0.28.0-47-ge53b351184 (webtiles) character file.

Game seed: 10419637811954684578

3021 nickcage the Frost Mage (level 9, 0/45 HPs)
             Began as a Deep Elf Ice Elementalist on May 9, 2022.
             Was an Initiate of Vehumet.
             Shot with an arrow by a centaur (6 damage)
             ... on level 8 of the Dungeon.
             The game lasted 00:29:40 (8789 turns).

nickcage the Frost Mage (Deep Elf Ice Elementalist) Turns: 8789, Time: 00:29:40

Health: 0/45       AC:  5    Str:  5    XL:     9   Next: 55%
Magic:  29/29      EV: 12    Int: 25    God:    Vehumet [......]
Gold:   358        SH:  0    Dex: 15    Spells: 9/20 levels left

rFire   . . .      SeeInvis .   q - +6 dagger (protect)
rCold   . . .      Faith    .   (no shield)
rNeg    . . .      Spirit   .   a - +0 robe
rPois   +          Reflect  .   (no helmet)
rElec   .          Harm     .   s - +1 cloak {rPois}
rCorr   +          Rampage  .   (no gloves)
Will    .....                   n - +0 pair of boots
Stlth   ++........              (no amulet)
HPRegen 0.15/turn               i - ring of magical power
MPRegen 0.21/turn               m - ring of resist corrosion

@: no status effects
A: no striking features
a: Renounce Religion


You were on level 8 of the Dungeon.
You worshipped Vehumet.
Vehumet was noncommittal.
You visited 1 branch of the dungeon, and saw 8 of its levels.
You also visited: Ossuary.

You collected 358 gold pieces.

Inventory:

Hand Weapons
 b - a +0 spear
 q - a +6 dagger of protection (weapon)
Missiles
 e - 9 poisoned darts
 y - a throwing net
Armour
 a - a +0 robe (worn)
 h - a scarf of harm
 n - a +0 pair of boots (worn)
 s - a +1 cloak of poison resistance (worn)
Jewellery
 i - a ring of magical power (left hand)
 m - a ring of resist corrosion (right hand)
 o - an amulet of faith
 B - a ring of magical power
Wands
 r - a wand of flame (10)
Scrolls
 p - 4 scrolls of identify
 v - 2 scrolls of enchant weapon
 w - a scroll of teleportation {unknown}
 x - 2 scrolls of blinking {unknown}
 z - a scroll of amnesia {unknown}
Potions
 c - 4 potions of degeneration {unknown}
 d - 2 potions of lignification {unknown}
 f - 2 potions of haste
 g - 8 potions of curing
 j - 2 potions of heal wounds
 k - 2 potions of berserk rage
 l - a potion of mutation {unknown}
 t - a potion of flight {unknown}
 u - 2 potions of attraction {unknown}
 A - a potion of ambrosia {unknown}


   Skills:
 - Level 2.4 Dodging
 - Level 2.4 Stealth
 - Level 6.1 Spellcasting
 * Level 5.7 Conjurations
 + Level 13.2 Ice Magic


You had 9 spell levels left.
You knew the following spells:

 Your Spells              Type           Power      Damage    Failure   Level
a - Freeze                Ice            100%       1d11      1%          1
b - Frozen Ramparts       Ice            100%       1d12      1%          3
c - Ozocubu's Armour      Ice            65%        N/A       1%          3
d - Hailstorm             Conj/Ice       53%        3d12      1%          4

Your spell library contained the following spells:

 Spells                   Type           Power      Damage    Failure   Level
 Beastly Appendage        Tmut           14%        N/A       8%          1
 Corpse Rot               Necr/Air       14%        N/A       11%         2
 Poisonous Vapours        Pois/Air       14%        N/A       11%         2
 Wereblood                Tmut           7%         N/A       11%         2
 Spider Form              Tmut/Pois      7%         N/A       22%         3


Dungeon Overview and Level Annotations

Branches:
Dungeon (8/15)             Temple (0/1) D:7         Ossuary (visited)
   Lair: D:8-11

Altars:
Dithmenos
Vehumet

Shops:
D:6 ?*

Annotations:
D:7 3 runed translucent doors, math4jedi's ghost, novice HOFi


Message History

You see here a +0 war axe.
There is a stone staircase leading down here.
Math4jedi's ghost turns its malevolent gaze towards you.
The kobold brigand shouts! x3
Math4jedi's ghost says, "The earth shall destroy you!"
You hear a shout!
The kobold brigand shouts!
You hear a shout! x2
The kobold brigand shouts!
The kobold brigand shouts!
You hear a shout!
Done exploring.
(D) Dungeon (T) Temple
Where to? (Enter - D:7, ? - help)
The kobold brigand shouts!
There is an open door here.
There is a stone staircase leading down here.
You climb downwards.
Found 24 gold pieces.
There is a stone staircase leading up here.
An electric eel is nearby!
Welcome back, nickcage the Deep Elf Ice Elementalist.
Vehumet says: Let it end in hellfire!
Press ? for a list of commands and other information.
Unknown command.
You now have 344 gold pieces (gained 10).
You now have 358 gold pieces (gained 14). 2 centaurs come into view.
The centaur shouts! x2; You hear a shout!
The centaur wields a +0 shortbow.
The centaur shoots an arrow.
The arrow hits you!
The centaur wields a +0 shortbow.
The centaur shoots an arrow.
The arrow hits you!
A bullfrog comes into view.
A gnoll shaman comes into view. It is wielding a +0 club.
An electric eel comes into view.
The centaur shoots an arrow.
The arrow hits you!
The centaur shoots an arrow.
The arrow barely misses you.
The centaur shoots an arrow.
The arrow hits you!
* * * LOW HITPOINT WARNING * * *
The centaur shouts!
The centaur shoots an arrow.
The arrow hits you.
You die...

. #.c≈≈≈≈≈..# ..
#..≈≈≈..# ...
#..S..###
#...####...##.##
#......c.......##
.........cF.....##
.......c##.......##
.....##............
......#....@.......
...................
............##.##.#
...........## #
.......##.#
.#.....#..#
#........#
#.........
....#...#


You could see a bullfrog, 2 centaurs and an electric eel.

Vanquished Creatures
  A two-headed ogre (D:7)
  2 ogres
  2 black bears
  A necrophage (D:6)
  2 ice beasts
  2 sky beasts
  A centaur (D:7)
  A kobold brigand (D:7)
  A bullfrog (D:7)
  2 scorpions
  A wyvern skeleton (D:6)
  4 water moccasin zombies (Ossuary)
  A water moccasin skeleton (D:5)
  2 howler monkeys (D:7)
  A hound (D:5)
  3 orc priests
  Crazy Yiuf (D:4)
  A centaur skeleton (D:4)
  3 gnoll shamans
  2 iguanas
  3 orc wizards
  A killer bee zombie (D:7)
  3 mummies
  10 gnolls
  7 adders
  2 white imps
  4 adder zombies (Ossuary)
  An adder skeleton (D:5)
  3 worms
  3 dart slugs
  20 orcs
  6 ball pythons
  7 bats
  7 endoplasms
  2 giant cockroaches
  7 gnoll zombies (Ossuary)
  5 goblins
  4 hobgoblins
  6 quokkas
  6 frilled lizards
  5 hobgoblin zombies (Ossuary)
  5 kobolds
  5 kobold zombies (Ossuary)
  6 orc zombies
  6 rats
168 creatures vanquished.

Vanquished Creatures (collateral kills)
  Edmund (D:6)
  2 gnolls (D:6)
3 creatures vanquished.

Grand Total: 171 creatures vanquished

Notes
Turn   | Place    | Note
-------+----------+-------------------------------------------
     0 | D:1      | nickcage the Deep Elf Ice Elementalist began the quest for
                  | the Orb.
     0 | D:1      | Reached XP level 1. HP: 10/10 MP: 6/6
   373 | D:1      | Reached XP level 2. HP: 15/15 MP: 6/8
   533 | D:1      | Reached skill level 5 in Ice Magic
   595 | D:1      | Found a faded altar of an unknown god.
  1168 | D:2      | Reached XP level 3. HP: 15/19 MP: 10/10
  1242 | D:2      | Learned a level 3 spell: Frozen Ramparts
  1246 | D:2      | Learned a level 3 spell: Ozocubu's Armour
  1839 | D:3      | Reached XP level 4. HP: 18/24 MP: 12/12
  2334 | D:3      | Reached skill level 5 in Spellcasting
  2334 | D:3      | Reached skill level 6 in Ice Magic
  2334 | D:3      | Reached XP level 5. HP: 7/28 MP: 9/14
  2663 | D:4      | Noticed an ogre
  2669 | D:4      | Killed an ogre
  2905 | D:3      | Learned a level 4 spell: Hailstorm
  2937 | D:4      | Reached XP level 6. HP: 32/32 MP: 17/17
  3374 | D:4      | Reached skill level 7 in Ice Magic
  3745 | D:4      | Found a runed translucent door.
  3746 | D:4      | Noticed Crazy Yiuf
  3753 | D:4      | Killed Crazy Yiuf
  3754 | D:4      | Reached skill level 1 in Conjurations
  3982 | D:5      | Entered Level 5 of the Dungeon
  4150 | D:5      | Noticed a sky beast
  4156 | D:5      | Killed a sky beast
  4157 | D:5      | Reached XP level 7. HP: 36/36 MP: 18/18
  4241 | D:5      | Reached skill level 8 in Ice Magic
  4971 | D:5      | Reached skill level 9 in Ice Magic
  5305 | D:6      | Noticed Edmund
  5314 | D:6      | Killed Edmund
  5315 | D:6      | Reached XP level 8. HP: 41/41 MP: 19/19
  5399 | D:6      | Found a sand-covered staircase.
  5417 | D:6      | Reached skill level 10 in Ice Magic
  5418 | Ossuary  | Entered an ossuary
  6141 | D:6      | Reached skill level 11 in Ice Magic
  6180 | D:6      | Found Looclavu's Magic Scroll Emporium.
  6919 | D:6      | Found a shadowy altar of Dithmenos.
  7044 | D:6      | Found Pycuff's Evil Emporium.
  7225 | D:6      | Found a radiant altar of Vehumet.
  7230 | D:6      | Became a worshipper of Vehumet
  7327 | D:6      | Reached XP level 9. HP: 45/45 MP: 20/20
  7627 | D:7      | Reached skill level 5 in Conjurations
  7627 | D:7      | Reached skill level 12 in Ice Magic
  7754 | D:7      | Noticed a two-headed ogre
  7761 | D:7      | Killed a two-headed ogre
  7968 | D:7      | Found a runed translucent gate.
  7969 | D:7      | Found a runed translucent gate.
  7970 | D:7      | Found a runed translucent gate.
  7971 | D:7      | Noticed math4jedi's ghost (novice HOFi)
  7984 | D:7      | Reached skill level 13 in Ice Magic
  8333 | D:7      | Found a staircase to the Ecumenical Temple.
  8789 | D:8      | Shot with an arrow by a centaur

Illustrated notes

Levels and vault maps discovered:
D:1:      saegor_arrival_under_anarchy, layout_basic,
          shapermc_ecumenical_altar_gd, kennysheep_doodads,
          minmay_misc_feat_tiny, minmay_misc_feat_four_crosses
D:2:      layout_rooms
D:3:      layout_rooms
D:4:      layout_gridville, uniq_crazy_yiuf_cottage
D:5:      layout_loops_corners, gup_sewer_entry_bubbles
D:6:      layout_layer_cave, grunt_dithmenos_smoke_and_mirrors,
          marbit_many_paths, nicolae_ossuary_entry_giza, serial_shops,
          nicolae_shop_trees, nicolae_evil_shop, uniq_edmund
D:7:      layout_basic, minmay_temple_entry_offerings,
          gammafunk_ghost_nasty_kobolds, chequers_decorated_corner
D:8:      layout_cave_pools, amcnicky_mini_pool_medium

Skill      XL: |  1  2  3  4  5  6  7  8  9 |
---------------+----------------------------+-----
Ice Magic      | 5 6 7 9 11 13 | 13.2
Spellcasting   | 4 5 6 |  6.1
Conjurations   | 2 3 4 5 |  5.7
Dodging        | |  2.4
Stealth        | |  2.4

Action                   |  1- 3 |  4- 6 |  7- 9 || total
-------------------------+-------+-------+-------++-------
Melee: Spear             |    21 |    19 |       ||    40
       Dagger            |       |     6 |   199 ||   205
       Punch             |       |     1 |     4 ||     5
Throw: Dart              |     3 |     6 |     8 ||    17
 Cast: Freeze            |    31 |    49 |    54 ||   134
       Frozen Ramparts   |     4 |     9 |    27 ||    40
       Ozocubu's Armour  |     2 |     8 |    23 ||    33
       Hailstorm         |       |       |     8 ||     8
  Use: Scroll            |       |       |    10 ||    10
 Stab: Sleeping          |     6 |     2 |     5 ||    13
Armor: Robe              |     9 |    10 |    95 ||   114
Dodge: Dodged            |    16 |    30 |   134 ||   180
